 Dungeon Crawl Stone Soup version 0.24-a0-278-gefa1973 (webtiles) character file.

Game seed: 17742566180592398060

46 MatthieuS the Sneak (level 3, 0/28 HPs)
             Began as a Deep Dwarf Enchanter on Apr 29, 2019.
             Slain by Natasha (6 damage)
             ... on level 2 of the Dungeon.
             The game lasted 00:02:56 (862 turns).

MatthieuS the Sneak (Deep Dwarf Enchanter)           Turns: 862, Time: 00:02:57

Health: 0/28       AC:  4    Str: 11    XL:     3   Next: 46%
Magic:  4/4        EV: 12    Int: 16    God:
Gold:   70         SH:  0    Dex: 13    Spells: 4/5 levels left

rFire    . . .     SeeInvis .   d - +0 spear
rCold    . . .     Gourm    .   (no shield)
rNeg     . . .     Faith    .   i - +0 leather armour
rPois    .         Spirit   .   (no helmet)
rElec    .         Reflect  .   (no cloak)
rCorr    .         Harm     .   (no gloves)
MR       .....                  k - +0 pair of boots
Stlth    ++........             (no amulet)
HPRegen  0.00/turn              (no ring)
MPRegen  0.09/turn              (no ring)

@: non-regenerating
A: damage resistance, heal wounds, sense surroundings 1, no regeneration
a: Heal Wounds


You were on level 2 of the Dungeon.
You were not hungry.

You visited 1 branch of the dungeon, and saw 2 of its levels.

You collected 70 gold pieces.

Inventory:

Hand Weapons
 a - a +1 dagger
 d - a +0 spear (weapon)
   (You found it on level 1 of the Dungeon)
Armour
 b - a +0 robe
 i - a +0 leather armour (worn)
   (You found it on level 1 of the Dungeon)
 k - a +0 pair of boots (worn)
   (You found it on level 1 of the Dungeon)
Scrolls
 c - a scroll of amnesia {unknown}
 g - a scroll of teleportation {unknown}
 h - a scroll of identify {unknown}
 m - a scroll of fear {unknown}
Potions
 j - 2 potions of flight {unknown}
 l - a potion of magic {unknown}
 n - a potion of curing {unknown}
Comestibles
 e - 2 rations
 f - 7 chunks of flesh


   Skills:
 - Level 1.2 Short Blades
 + Level 2.2 Polearms
 - Level 2.1 Dodging
 - Level 3.9 Stealth
 - Level 1.9 Spellcasting
 - Level 2.5 Hexes


You had 4 spell levels left.
You knew the following spells:

 Your Spells              Type           Power        Failure   Level  Hunger
a - Corona                Hex            #......      10%         1    #......

Your spell library contained the following spells:

 Spells                   Type           Power        Failure   Level  Hunger
 Ensorcelled Hibernation  Hex/Ice        #.....       24%         2    ###....
 Confuse                  Hex            #.......     28%         3    ###....
 Tukima's Dance           Hex            #.......     28%         3    ###....
 Dazzling Spray           Conj/Hex       #.....       43%         3    ###....


Dungeon Overview and Level Annotations

Branches:
Dungeon (2/15)

Altars:
Uskayaw

Annotations:
D:2 Natasha


Innate Abilities, Weirdness & Mutations

You are resistant to damage.
You can heal yourself by infusing magical energy.
You passively map a small area around you.
You do not regenerate.


Message History

A frilled lizard is nearby!
Attack whom?
Aim: a frilled lizard You reach to attack!
You hit the frilled lizard.
You kill the frilled lizard!
No target in view!
No target in view!
No target in view!
You see here a frilled lizard corpse.
You butcher the frilled lizard corpse.
f - 7 chunks of flesh (gained 1)
You see here a frilled lizard skeleton.
You open the door.
There is an open door here.
You open the door.
Natasha, Servant of Life and Death comes into view.
There is an open door here.
Found a scroll labeled ZABROI INAEMM.
A goblin comes into view.
The goblin shouts!
A kobold comes into view. It is wielding a +0 short sword.
The goblin wields a +0 hunting sling.
The goblin shoots a sling bullet.
The sling bullet misses you.
Natasha drinks a potion.
Natasha seems to grow stronger.
Attack whom?
Aim: Natasha (unusually strong)
You reach to attack!
The kobold shouts!
You hit Natasha but do no damage.
The goblin shoots a sling bullet.
The sling bullet hits you.
Natasha stares at you and mumbles some strange words.
The magic dart hits you.
Attack whom?
Aim: Natasha (unusually strong)
You reach to attack!
You hit Natasha but do no damage.
The kobold throws a stone.
The stone closely misses you. Natasha casts a spell at you.
The magic dart hits you.
Attack whom?
Aim: Natasha (unusually strong)
You reach to attack!
You hit Natasha. You hit Natasha.
Natasha mumbles some strange words.
You feel disoriented. Natasha barely misses you.
You hit Natasha but do no damage. Natasha claws you!
* * * LOW HITPOINT WARNING * * *
The kobold hits you but does no damage.
You barely miss Natasha. Natasha claws you!
You die...

#......# * *
#......##.......## ###
##......##........#,,...
* .'......+ ........#
.... ##......#
#......#..... ........#
#......#..... ...######
* #.....g.....
........., ,+....K....?.
....#### *#...@h...... *
......# ##'#(..####+ ,
....#.# #.#......., ,
....#.# #.#........ , ,
#+#<#.# #.#........ *
....#.# #.#........
..#.#.# #.#........ *
..#.#.########'#........
, , #.#.#..........รท.#
*


You could see Natasha, a goblin and a kobold.

Vanquished Creatures
  An ooze (D:1)
  5 leopard geckos
  4 giant cockroaches (D:1)
  6 goblins
  6 hobgoblins
  2 kobolds (D:1)
  3 bats (D:1)
  2 frilled lizards
  4 rats (D:1)
33 creatures vanquished.

Notes
Turn   | Place    | Note
-------+----------+-------------------------------------------
     0 | D:1      | MatthieuS the Deep Dwarf Enchanter began the quest for the
                  | Orb.
     0 | D:1      | Reached XP level 1. HP: 15/15 MP: 3/3
    75 | D:1      | Reached skill level 1 in Short Blades
    90 | D:1      | Reached XP level 2. HP: 19/22 MP: 4/4
   230 | D:1      | Reached skill level 1 in Polearms
   404 | D:1      | Reached XP level 3. HP: 14/28 MP: 5/5
   724 | D:2      | Noticed a +0 hand axe
   725 | D:2      | Noticed a -1 dagger
   727 | D:2      | Found a hide-covered altar of Uskayaw.
   854 | D:2      | Noticed Natasha
   862 | D:2      | Slain by Natasha

Levels and vault maps discovered:
D:1:      psy_arrival_heroes, layout_rooms, minmay_vboxes
D:2:      layout_basic, dancing_weapons_uskayaw,
          chequers_ecumenical_altar_simple_redux, kennysheep_generic_room_2,
          uniq_natasha

Skill      XL: |  1  2  3 |
---------------+----------+-----
Short Blades   | 1 |  1.2
Polearms       | 1 2 |  2.2
Dodging        | |  2.1
Stealth        | |  3.9
Spellcasting   | |  1.9
Hexes          | |  2.5

Action                   || total
-------------------------++-------
Melee: Spear             ||   164
 Abil: Heal Wounds       ||     1
 Stab: Sleeping          ||     7
Armor: Leather armour    ||    29
       Robe              ||    10
Dodge: Dodged            ||    97

Table legend:
 A = Non-vault XP
 B = Vault XP
 C = Vault XP percentage of total XP
 D = Non-vault monster count
 E = Vault monster count
 F = Vault count percentage of total count
                 A         B        C        D         E       F
            +---------+---------+-------+---------+---------+-------
      Total |      61 |       6 |   9.0 |      29 |       4 |  12.1
            +---------+---------+-------+---------+---------+-------
        D:1 |      53 |       6 |  10.2 |      25 |       4 |  13.8
        D:2 |       8 |       0 |   0.0 |       4 |       0 |   0.0
            +---------+---------+-------+---------+---------+-------
